 Dungeon Sprint DCSS version 0.21.1-1-g345015f (webtiles) character file.

2880 Fang the Severer (level 9, -4/142 (144) HPs)
             Began as a Minotaur Berserker on Apr 23, 2018.
             Was a High Priest of Trog.
             Slain by a redback (17 damage)
             ... in the Dungeon (Sprint III: "The Ten Rune Challenge").
             The game lasted 00:04:55 (2332 turns).

Fang the Severer (Minotaur Berserker)               Turns: 2332, Time: 00:04:57

HP:   -4/142 (144)  AC:  2    Str: 30    XL:     9   Next: 48%
MP:   8/8           EV: 16    Int:  4    God:    Trog [*****.]
Gold: 44            SH:  0    Dex: 10    Spells: 8/8 levels left

rFire    . . .     SeeInvis .   k - +5 broad axe (chop)
rCold    . . .     Gourm    .   (no shield)
rNeg     . . .     Faith    .   b - +0 animal skin
rPois    .         Spirit   .   (helmet restricted)
rElec    .         Reflect  .   (no cloak)
rCorr    .         Harm     .   (no gloves)
MR       .....     NoTele   +   (no boots)
Stlth    ..........             (no amulet)
HPRegen  0.33/turn              (no ring)
MPRegen  0.11/turn              (no ring)

@: berserking, lethally poisoned (-4 -> -62), very quick
A: retaliatory headbutt, horns 2
a: Berserk, Trog's Hand, Brothers in Arms, Burn Spellbooks, Renounce Religion


You were in the Dungeon.
You worshipped Trog.
Trog was extremely pleased with you.
You were hungry.

You visited 1 branch You collected 44 gold pieces.

Inventory:

Hand Weapons
 k - a +5 broad axe of chopping (weapon)
 q - a +2 battleaxe of freezing
Armour
 b - a +0 animal skin (worn)
Scrolls
 i - a scroll of blinking
 j - a scroll of immolation
Potions
 d - 2 potions of curing
 e - 2 potions of mutation
 f - a potion of haste
 g - 2 potions of magic
 h - a potion of berserk rage
 l - 2 potions of might
 m - 4 potions of flight
Miscellaneous
 a - a lamp of fire
Comestibles
 c - 4 rations


   Skills:
 + Level 14.4 Fighting
 + Level 16.5 Axes
 + Level 6.6 Armour
 + Level 9.9 Dodging
 + Level 4.3 Stealth


You had 8 spell levels left.
You didn't know any spells.

Dungeon Overview and Level Annotations

Branches:
Dungeon (1/1)

Altars:
Cheibriados
Dithmenos
Elyvilon
Fedhas
Gozag
Hepliaklqana
Kikubaaqudgha
Makhleb
Nemelex Xobeh
Okawaru
Qazlal
Ru
Sif Muna
Trog
Uskayaw
Vehumet
Wu Jian
Xom
Yredelemnul
Zin
The Shining One
Beogh
Jiyva
Lugonu


Innate Abilities, Weirdness & Mutations

You reflexively headbutt those who attack you in melee.
You have a pair of horns on your head.


Message History

You are lethally poisoned!
The redback poisons you!
You hit the redback. You headbutt the redback.
The redback is severely wounded.
You feel very sick. The redback bites you!
* * * LOW HITPOINT WARNING * * *
You slash the redback!
The redback is almost dead.
* * * LOW HITPOINT WARNING * * *
You feel very sick. The redback bites you!
* * * LOW HITPOINT WARNING * * *
A red film seems to cover your vision as you go berserk!
You feel yourself moving faster!
You feel mighty!
You are feeling hungry.
* * * LOW HITPOINT WARNING * * *
You feel very sick. The redback bites you!
You die...

## .# .# '#
.#+#####################
.#....#.#.#.....#......+
.##.#..#.##)###.#......#
.'##)#.#.##.#).##......#
.#..)#..#..##.)'@s.....#
▓▓▓▓▓▓▓▓▓▓▓▓▓▓▓#^......#
#..^....# +.......#
#.......# ##+######


You could see a redback.

Vanquished Creatures
  Erolcha (D)
  A deep elf mage (D)
  A redback (D)
  A shadow (D)
  A spatial vortex (D)
  A necrophage (D)
  5 two-headed ogres (D)
  A water elemental (D)
  A scorpion (D)
  A jelly (D)
  A wizard (D)
  Jessica (D)
  A necromancer (D)
  A kobold demonologist (D)
  3 humans (D)
  An ooze (D)
  A rat (D)
23 creatures vanquished.

Vanquished Creatures (others)
  2 draconian scorchers (D)
  6 hellions (D)
  2 yaktaurs (D)
10 creatures vanquished.

Grand Total: 33 creatures vanquished

Notes
Turn   | Place    | Note
-------+----------+-------------------------------------------
     0 | D        | Fang the Minotaur Berserker began the quest for the Orb.
     0 | D        | Reached XP level 1. HP: 19/19 MP: 0/0
     6 | D        | Reached skill level 4 in Axes
    84 | D        | Noticed Jessica
    87 | D        | Killed a hellion
    91 | D        | Killed Jessica
    91 | D        | Reached ** piety under Trog
    91 | D        | Reached skill level 5 in Fighting
    91 | D        | Reached skill level 5 in Axes
    91 | D        | Reached XP level 2. HP: 17/30 MP: 1/1
    91 | D        | Reached XP level 3. HP: 21/37 MP: 2/2
   111 | D        | Killed a hellion
   112 | D        | Killed a hellion
   117 | D        | Killed a hellion
   139 | D        | Killed a hellion
   141 | D        | Killed a hellion
   215 | D        | Killed a white draconian scorcher
   223 | D        | Killed a yaktaur
   234 | D        | Reached skill level 6 in Axes
   237 | D        | Noticed a scorpion
   249 | D        | HP: 1/38 [scorpion (8)]
   251 | D        | Killed a scorpion
   251 | D        | Reached skill level 7 in Axes
   251 | D        | Reached XP level 4. HP: 27/47 MP: 3/3
   282 | D        | Killed a white draconian scorcher
   463 | D        | Killed a yaktaur
   547 | D        | Noticed a water elemental
   557 | D        | Killed a water elemental
   557 | D        | Reached *** piety under Trog
   557 | D        | Reached skill level 8 in Axes
   557 | D        | Reached XP level 5. HP: 18/56 MP: 4/4
   693 | D        | Found a radiant altar of Vehumet.
   693 | D        | Found a deep blue altar of Sif Muna.
   693 | D        | Found an ancient bone altar of Kikubaaqudgha.
   701 | D        | Reached skill level 9 in Axes
   703 | D        | HP: 3/85 [iron imp[a kobold demonologist] (7)]
   705 | D        | Noticed a sixfirhy
   707 | D        | Reached skill level 5 in Dodging
   717 | D        | Reached **** piety under Trog
   751 | D        | Found a glowing silver altar of Zin.
   751 | D        | Found a glowing golden altar of the Shining One.
   751 | D        | Found a white marble altar of Elyvilon.
  1091 | D        | Noticed a deep elf mage
  1099 | D        | Killed a deep elf mage
  1099 | D        | Reached skill level 12 in Axes
  1099 | D        | Reached skill level 5 in Armour
  1099 | D        | Reached skill level 1 in Stealth
  1099 | D        | Reached XP level 6. HP: 48/69 MP: 5/5
  1099 | D        | Reached XP level 7. HP: 52/75 MP: 6/6
  1167 | D        | Found a hide-covered altar of Uskayaw.
  1167 | D        | Found a roughly hewn altar of Beogh.
  1167 | D        | Found an iron altar of Okawaru.
  1167 | D        | Found a bloodstained altar of Trog.
  1167 | D        | Found an ornate altar of the Wu Jian Council.
  1167 | D        | Noticed a human
  1168 | D        | Noticed a human
  1179 | D        | Killed a human
  1179 | D        | Reached ***** piety under Trog
  1179 | D        | Killed a human
  1179 | D        | Reached skill level 13 in Axes
  1459 | D        | Found a basalt altar of Yredelemnul.
  1459 | D        | Found a shadowy altar of Dithmenos.
  1459 | D        | Found a sacrificial altar of Ru.
  1465 | D        | Reached XP level 8. HP: 78/84 MP: 7/7
  1482 | D        | Received a gift from Trog
  1713 | D        | Found a blossoming altar of Fedhas.
  1713 | D        | Found a stormy altar of Qazlal.
  1713 | D        | Found a snail-covered altar of Cheibriados.
  1713 | D        | Found a burning altar of Makhleb.
  1713 | D        | Found a shimmering altar of Xom.
  1714 | D        | Found a hazy altar of Hepliaklqana.
  1714 | D        | Found an opulent altar of Gozag.
  1714 | D        | Found a sparkling altar of Nemelex Xobeh.
  1714 | D        | Found a corrupted altar of Lugonu.
  1714 | D        | Found a viscous altar of Jiyva.
  1744 | D        | Reached skill level 14 in Axes
  1749 | D        | Received a gift from Trog
  1867 | D        | Noticed a two-headed ogre
  1872 | D        | Killed a two-headed ogre
  2078 | D        | Noticed a two-headed ogre
  2078 | D        | Noticed Erolcha
  2085 | D        | Killed a two-headed ogre
  2085 | D        | Reached skill level 15 in Axes
  2085 | D        | Reached XP level 9. HP: 71/94 MP: 8/8
  2088 | D        | Killed Erolcha
  2088 | D        | Reached skill level 16 in Axes
  2332 | D        | Slain by a redback

Skill      XL: |  1  2  3  4  5  6  7  8  9 |
---------------+----------------------------+-----
Fighting       | 5 7 8 11 12 14 | 14.4
Axes           | 5 7 8 12 13 15 16 | 16.5
Armour         | 3 4 5 6 |  6.6
Dodging        | 3 4 6 7 9 |  9.9
Stealth        | 1 2 3 4 |  4.3

Action                   |  1- 3 |  4- 6 |  7- 9 || total
-------------------------+-------+-------+-------++-------
Melee: Hand axe          |    14 |    25 |    21 ||    60
       Headbutt          |     4 |     7 |    12 ||    23
       Battleaxe         |       |       |    19 ||    19
       Broad axe         |       |       |    22 ||    22
Invok: Berserk           |     2 |     1 |     3 ||     6
       Burn Spellbooks   |       |     1 |     1 ||     2
  Use: Potion            |     1 |       |       ||     1
       Scroll            |       |       |     5 ||     5
 Stab: Sleeping          |       |       |     2 ||     2
  Eat: Chunk             |       |     3 |     6 ||     9
Armor: Animal skin       |       |     2 |     3 ||     5
Dodge: Dodged            |     7 |     9 |    27 ||    43
